 Dungeon Crawl Stone Soup version 0.31.0-11-ge490571c62 (webtiles) character file.

Game seed: 3273337138043166405

8 browni3141 the Conjurer (level 2, 19/19 HPs)
             Began as a Demonspawn Conjurer on Jan 30, 2024.
             Got out of the dungeon alive.
             The game lasted 00:00:31 (522 turns).

browni3141 the Conjurer (Demonspawn Conjurer)        Turns: 522, Time: 00:00:31

Health: 19/19      AC:  2    Str:  7    XL:     2   Next: 0%
Magic:  5/5        EV: 12    Int: 18    God:
Gold:   35         SH:  0    Dex: 11    Spells: 4/5 levels left

rFire   . . .        d - staff of earth
rCold   . . .        (no shield)
rNeg    . . .        a - +0 robe
rPois   .            (no helmet)
rElec   .            (no cloak)
rCorr   .            (no gloves)
SInv    .            (no boots)
Will    .....        (no amulet)
Stlth   ++           (no ring)
HPRegen 0.23/turn    (no ring)
MPRegen 0.09/turn

%: no passive effects
@: no status effects
A: claws 1
a: no special abilities


You escaped.
You visited 1 branch of the dungeon, and saw 1 of its levels.

You collected 35 gold pieces.

Inventory:

Armour
 a - a +0 robe (worn)
Magical Staves
 d - a staff of earth (weapon)
Scrolls
 c - a scroll of revelation {unknown}
Potions
 b - a potion of magic


   Skills:
 + Level 2.0 Dodging
 + Level 2.0 Stealth
 + Level 2.1 Spellcasting
 + Level 4.1 Conjurations


You had 4 spell levels left.
You knew the following spells:

 Your Spells              Type           Power      Damage    Failure   Level
a - Magic Dart            Conj           64%        1d6       3%          1

Your spell library contained the following spells:

 Spells                   Type           Power      Damage    Failure   Level
 Searing Ray              Conj           32%        2d5       4%          2
 Fulminant Prism          Conj/Alch      4%         3d5       58%         4
 Iskenderun's Mystic Bla  Conj/Tloc      9%         2d4       58%         4


Dungeon Overview and Level Annotations

Branches:
Dungeon (1/15)

Altars:


Innate Abilities, Weirdness & Mutations

You have sharp fingernails.


Message History

A hobgoblin is nearby!
A hobgoblin is nearby!
The magic dart hits the hobgoblin but does no damage.
The magic dart hits the hobgoblin.
The hobgoblin is severely wounded.
The magic dart hits the hobgoblin.
You kill the hobgoblin!
As you open the door, it creaks loudly!
There is an open door here.
A bat comes into view.
The bat moves out of view.
The magic dart hits the bat.
The bat is heavily wounded.
The magic dart hits the bat.
You kill the bat!
You see here a bat corpse.
A quokka comes into view.
A quokka is nearby!
You can't see any susceptible monsters within range! (Use Z to cast anyway.)
You can't see any susceptible monsters within range! (Use Z to cast anyway.)
You can't see any susceptible monsters within range! (Use Z to cast anyway.)
You see here a bat corpse.
You start waiting.
Done waiting.
You can't see any susceptible monsters within range! (Use Z to cast anyway.)
A goblin comes into view. It is wielding a +0 club.
The goblin shouts!
You hear a shout!
A rat comes into view.
The magic dart hits the quokka but does no damage.
The magic dart hits the quokka but does no damage.
The quokka attacks as it pursues you! The quokka bites you.
The quokka bites you but does no damage.
The quokka attacks as it pursues you! The quokka completely misses you.
The quokka attacks as it pursues you! The quokka bites you.
The magic dart hits the quokka.
The quokka is heavily wounded.
The quokka completely misses you.
You hit the quokka but do no damage.
The quokka is moderately wounded.
The quokka barely misses you.
You hit the quokka but do no damage.
The quokka is moderately wounded.
The quokka barely misses you.
The magic dart hits the quokka.
The quokka is heavily wounded.
The quokka misses you.
The quokka bites you but does no damage.
You closely miss the quokka.
The quokka is heavily wounded.
The quokka bites you.
You hit the quokka.
The quokka is severely wounded.
The quokka barely misses you.
You closely miss the quokka.
The quokka is severely wounded.
The quokka misses you.
You closely miss the quokka.
The quokka is severely wounded.
The quokka barely misses you. The quokka attacks as it pursues you!
The quokka barely misses you. x2
The quokka attacks as it pursues you! The quokka barely misses you.
There is an open door here.
The quokka attacks as it pursues you! The quokka closely misses you.
The quokka attacks as it pursues you! The quokka closely misses you. x2
The magic dart hits the quokka.
You kill the quokka!
Your Stealth skill increases to level 2!
The goblin attacks as it pursues you! The goblin barely misses you.
The goblin attacks as it pursues you! The goblin hits you with a +0 club.
The goblin barely misses you.
You see here a +0 ring mail.
You see here a staff of earth.
d - a staff of earth (weapon)
You closely miss the goblin. The goblin barely misses you.
You barely miss the goblin. The goblin closely misses you.
The goblin hits you with a +0 club.
You hit the goblin.
The goblin is almost dead.
The goblin closely misses you.
You miss the goblin.
The goblin is almost dead.
The goblin hits you with a +0 club.
The magic dart hits the goblin.
You kill the goblin!
Your Dodging skill increases to level 2!
You hit the rat.
You kill the rat!
You have reached level 2!
Your demonic ancestry asserts itself...
Your fingernails lengthen.
Things that are here:
a +0 club; a +0 ring mail; a rat corpse No target in view!
No target in view!
You see here a quokka corpse.
HP restored.
Magic restored.
There is an empty arch of ancient stone here.
There is a staircase leading out of the dungeon here.
You have escaped!

#♣..................# #..
#.................♣.# ### #.#
##........[.........# .. #.#
#......8.....♣.....# #. ##.#
##∩#................♣#.##.####..#
#.###♣..............♣#...........
#.# #..............######.#...##
..# #.............≈#............
.## #♣..♣......@.###......>.####
.# #...........## #............
.# ##.♣....♣..## #.####..#####
.####################.#..#..##
............................÷.
#####################.#########
#....†... #########


There were no monsters in sight!

Vanquished Creatures
  A bat (D:1)
  A goblin (D:1)
  A hobgoblin (D:1)
  A quokka (D:1)
  2 ball pythons (D:1)
  A rat (D:1)
7 creatures vanquished.

Notes
Turn   | Place    | Note
-------+----------+-------------------------------------------
     0 | D:1      | browni3141 the Demonspawn Conjurer began the quest for the
                  | Orb.
     0 | D:1      | Reached XP level 1. HP: 13/13 MP: 3/3
   410 | D:1      | Gained mutation: You have sharp fingernails. [demonic
                  | ancestry]
   410 | D:1      | Reached XP level 2. HP: 12/19 MP: 0/5
   522 | D:$      | Got out of the dungeon alive.

Illustrated notes

Levels and vault maps discovered:
D:1:      nzn_arrival_settlement, layout_basic, serial_bayou_pond_a

Skill      XL: |  1 |
---------------+----+-----
Stealth        | 2 |  2.0
Dodging        | 2 |  2.0
Spellcasting   | |  2.1
Conjurations   | |  4.1

Action                     || total
---------------------------++-------
  Melee: Unarmed           ||     6
         Staff             ||     5
   Cast: Magic Dart        ||    13
 Armour: Robe              ||     8
  Dodge: Dodged            ||    19
